 Dungeon Crawl Stone Soup version 0.29.1-15-g9cfb28693d (webtiles) character file.

Game seed: 1486623520768688416

111 Mickster the Covered (level 4, -9/54 HPs)
             Began as a Demigod Wanderer on Mar 14, 2023.
             Killed by divine providence
             ... invoked by an orc priest
              (15 damage)
             ... on level 3 of the Dungeon.
             The game lasted 00:23:27 (3228 turns).

Mickster the Covered (Demigod Wanderer)             Turns: 3228, Time: 00:23:27

Health: -9/54      AC:  7    Str: 17    XL:     4   Next: 36%
Magic:  6/6        EV: 10    Int: 13    God:
Gold:   89         SH:  0    Dex: 14    Spells: 3/3 levels left

rFire   . . .      SeeInvis .   j - +1 whip (elec)
rCold   . . .      Faith    .   (no shield)
rNeg    . . .      Spirit   .   b - +0 scale mail
rPois   .          Reflect  .   (no helmet)
rElec   .          Harm     .   (no cloak)
rCorr   .          Rampage  .   (no gloves)
Will    .....                   (no boots)
Stlth   ..........              l - amulet of the acrobat
HPRegen 0.18/turn               (no ring)
MPRegen 0.10/turn               (no ring)

@: berserking, very quick
A: high MP 1, forlorn, divine attributes
a: no special abilities


You were on level 3 of the Dungeon.
You visited 1 branch of the dungeon, and saw 3 of its levels.

You collected 89 gold pieces.

Inventory:

Hand Weapons
 a - a +1 long sword
 j - a +1 whip of electrocution (weapon)
Missiles
 h - 5 boomerangs
 k - 6 poisoned darts (quivered)
Armour
 b - a +0 scale mail (worn)
Magical Staves
 f - a staff of conjuration
Jewellery
 l - an amulet of the acrobat (around neck)
Wands
 e - a wand of flame (14)
Scrolls
 g - 2 scrolls of teleportation
 i - 2 scrolls of identify
Potions
 d - a potion of curing


   Skills:
 + Level 2.2 Fighting
 - Level 3.4 Long Blades
 * Level 0.2 Maces & Flails
 + Level 4.5 Armour
 + Level 1.1 Dodging
 + Level 1.1 Stealth


You had 3 spell levels left.
You didn't know any spells.
Your spell library was empty.

Dungeon Overview and Level Annotations

Branches:
Dungeon (3/15)


Innate Abilities, Weirdness & Mutations

You have an increased reservoir of magic. (+10% MP)
You shall have no god before yourself.
Your divine heritage dramatically boosts your attributes as you level up.


Message History

You hit something but do no damage.
You hear some strange, mumbled words.
Something tries to affect you, but you resist.
The orc priest closely misses you. Something completely misses you.
The orc priest misses you. Something barely misses you.
Things that are here:
a +0 short sword; an orc corpse Unknown command.
You hit the orc priest but do no damage.
Something hits you but does no damage. The orc priest completely misses you.
Something hits you but does no damage.
You whack the orc priest!
The orc priest is heavily wounded.
Something hits you but does no damage.
The orc priest calls down the wrath of Beogh upon you.
Pain shoots through your body!
* * * LOW HITPOINT WARNING * * *
Something hits you.
* * * LOW HITPOINT WARNING * * *
You feel better. Something hits you but does no damage.
The orc priest invokes the aid of Beogh against you.
Pain shoots through your body!
* * * LOW HITPOINT WARNING * * *
Something hits you but does no damage.
A red film seems to cover your vision as you go berserk!
You feel yourself moving faster!
You feel mighty! Something hits you.
* * * LOW HITPOINT WARNING * * *
The orc priest looks braver for a moment.
You hear some strange, mumbled words.
Something tries to affect you, but you resist.
You whack something! Something hits you.
* * * LOW HITPOINT WARNING * * *
The orc priest hits you with a +0 trident.
* * * LOW HITPOINT WARNING * * *
Something hits you but does no damage.
You hit something. Something hits you but does no damage.
The orc priest invokes the aid of Beogh against you.
Beogh smites you!
You die...

,,,...........'....+.....).......
***############....##############
#######....# #..........#
#.........## #.......)†#
#.......).# #.........######*
#......{@.......# # ***
#######.o.......# ### ,,**
#.........# #.. ,~,* #.........#
###.# ,,,* #.........# #...# ,,,*
#.........# #.#.#
,,,***********#.........# #.#..
,,,*,,,,,,,,,,..........* #.###
,,,*,,,,,,,,,,,,,,,,,,,,* #..,,


You could see an orc priest.

Vanquished Creatures
  3 adders (D:2)
  A gnoll (D:2)
  A worm (D:2)
  2 dart slugs
  2 orcs (D:3)
  3 ball pythons
  7 bats
  7 endoplasms
  2 giant cockroaches
  6 goblins
  7 hobgoblins
  8 kobolds
  5 quokkas
  4 frilled lizards
  3 rats
61 creatures vanquished.

Notes
Turn   | Place    | Note
-------+----------+-------------------------------------------
     0 | D:1      | Mickster the Demigod Wanderer began the quest for the Orb.
     0 | D:1      | Mickster set off with the following items: a +1 long sword,
                  | a +0 scale mail, a potion of berserk rage.
     0 | D:1      | Reached XP level 1. HP: 17/17 MP: 3/3
   447 | D:1      | Reached XP level 2. HP: 19/24 MP: 4/4
   719 | D:1      | Reached skill level 4 in Armour
  1254 | D:2      | Reached XP level 3. HP: 23/29 MP: 5/5
  2388 | D:2      | Reached XP level 4. HP: 35/36 MP: 6/6
  2477 | D:2      | Reached skill level 1 in Dodging
  3224 | D:3      | HP: 1/36 [something (1)]
  3228 | D:3      | Killed from afar by an orc priest

Illustrated notes

Levels and vault maps discovered:
D:1:      tarquinn_simple_flora_water_a, layout_loops_ring
D:2:      layout_basic, hellmonk_ecumenical_altar_leap_of_faith,
          hangedman_decor_points, minmay_pentomino_pile
D:3:      layout_basic, mainiacjoe_overflow_alcove_4,
          mainiacjoe_overflow_cross_hatched, chequers_serial_rivers_micro_c,
          item_on_display_a

Skill      XL: |  1  2  3  4 |
---------------+-------------+-----
Armour         | 4 |  4.5
Fighting       | 2 |  2.2
Long Blades    | 3 |  3.4
Dodging        | 1 |  1.1
Maces & Flails | |  0.2
Stealth        | |  1.1

Action                   |  1- 3 |  4- 6 || total
-------------------------+-------+-------++-------
Melee: Long sword        |   112 |     3 ||   115
       Whip              |       |    70 ||    70
Throw: Boomerang         |     5 |       ||     5
  Use: Potion            |     2 |     3 ||     5
       Scroll            |     4 |     2 ||     6
Armor: Scale mail        |    66 |    44 ||   110
Dodge: Dodged            |    60 |    56 ||   116
